WIN
LOS ANGELES (WIN) DODGERS @ MINNESOTA (WIN) TWINS
12/16/2046
 
TOP OF THE 1ST
Los Angeles (WIN) Dodgers batting - Pitching for Minnesota (WIN) Twins : LHP Adam Wood
Pitching: LHP Adam Wood
Batting: LHB Tony Morales 0-0: Called Strike
0-1: Ball
1-1: Ball
2-1: Ball
3-1: Base on Balls
Batting: RHB Luis Grajeda 0-0: Ball
1-0: Foul Ball, location: 2F
1-1: Swinging Strike
1-2: Foul Ball, location: 2F
1-2: Foul Ball, location: 2F
1-2: Ball
2-2: Fly out, F8 (Flyball, 8LS, EV 88.1 MPH)
Batting: RHB Devon Fourcade 0-0: Foul Ball, location: 2F
0-1: Ball
Wild Pitch!
Tony Morales to second
1-1: Ball
2-1: Foul Ball, location: 2F
2-2: Ball
3-2: Strikes out looking
Batting: RHB Kyle Garrett 0-0: Called Strike
0-1: Called Strike
0-2: Foul Ball, location: 2F
0-2: Strikes out swinging
Top of the 1st over - 0 runs, 0 hits, 0 errors, 1 left on base; Los Angeles (WIN) 0 - Minnesota (WIN) 0
BOTTOM OF THE 1ST
Minnesota (WIN) Twins batting - Pitching for Los Angeles (WIN) Dodgers : RHP Nate Allen
Pitching: RHP Nate Allen
Batting: RHB Jesse Scott 0-0: SINGLE (Line Drive, 8LS, EV 87.5 MPH)
Batting: LHB Chaim Huting 0-0: Ball
1-0: Fielders Choice at 2nd, 4-6 (Groundball, 4MS, EV 84.4 MPH)
Batting: LHB Matt Robertson 0-0: Ball
1-0: Fielders Choice at 2nd, 4-6 (Groundball, 4, EV 81.9 MPH)
Batting: SHB Dan Morataya 0-0: Ball
1-0: Called Strike
1-1: Foul Ball, location: 2F
1-2: Strikes out swinging
Bottom of the 1st over - 0 runs, 1 hit, 0 errors, 1 left on base; Los Angeles (WIN) 0 - Minnesota (WIN) 0
TOP OF THE 2ND
Los Angeles (WIN) Dodgers batting - Pitching for Minnesota (WIN) Twins : LHP Adam Wood
Batting: LHB Robin More 0-0: SINGLE (Line Drive, 6D, EV 99.4 MPH)
Batting: LHB Antonio Fierros 0-0: Ball
1-0: Ball
2-0: Called Strike
2-1: Ball
3-1: Foul Ball, location: 2F
3-2: Strikes out looking
Robin More is caught stealing 2nd base 2-6
Batter strikes out.
Batting: RHB Terry Jarrells 0-0: Hit by Pitch
Batting: RHB T.J. Jordan 0-0: Ball
1-0: Foul Ball, location: 2F
1-1: Swinging Strike
1-2: Strikes out looking
Top of the 2nd over - 0 runs, 1 hit, 0 errors, 1 left on base; Los Angeles (WIN) 0 - Minnesota (WIN) 0
BOTTOM OF THE 2ND
Minnesota (WIN) Twins batting - Pitching for Los Angeles (WIN) Dodgers : RHP Nate Allen
Batting: RHB Matt Dunn 0-0: Called Strike
0-1: Foul Ball, location: 2F
0-2: Strikes out swinging
Batting: RHB Manuel Juarez 0-0: Ball
1-0: Called Strike
1-1: Ball
2-1: Ground out 5-3 (Groundball, 56S, EV 78.1 MPH)
Batting: LHB Jim Pankratz 0-0: Ball
1-0: Swinging Strike
1-1: SINGLE (Groundball, 6MD, EV 101.2 MPH)
Batting: RHB Cyril Husson 0-0: Ball
1-0: Ball
2-0: Fly out, F4 (Popup, 34S, EV 74.4 MPH)
Bottom of the 2nd over - 0 runs, 1 hit, 0 errors, 1 left on base; Los Angeles (WIN) 0 - Minnesota (WIN) 0
TOP OF THE 3RD
Los Angeles (WIN) Dodgers batting - Pitching for Minnesota (WIN) Twins : LHP Adam Wood
Batting: LHB Helmut Steggall 0-0: SINGLE (Line Drive, 78S, EV 94.4 MPH)
Batting: LHB Tony Morales 0-0: Foul Ball, location: 2F
0-1: Swinging Strike
0-2: Foul Ball, location: 2F
0-2: Ball
1-2: Foul Ball, location: 2F
1-2: Foul Ball, location: 2F
1-2: Foul Ball, location: 2F
1-2: Foul Ball, location: 2F
1-2: Ball
2-2: Ball
3-2: SINGLE (Flyball, 6D, EV 86.9 MPH)
Helmut Steggall to second
Helmut Steggall to third
Batting: RHB Luis Grajeda 0-0: Ball
1-0: Called Strike
1-1: Ball
2-1: Ball
3-1: SINGLE (Groundball, 6M, EV 99.4 MPH)
Helmut Steggall scores
Tony Morales to second
Batting: RHB Devon Fourcade 0-0: Ball
1-0: Called Strike
1-1: Swinging Strike
1-2: Strikes out swinging
Batting: RHB Kyle Garrett 0-0: Ball
1-0: Ball
2-0: Ball
3-0: Hit by Pitch
Tony Morales to third
Luis Grajeda to second
Batting: LHB Robin More 0-0: Ball
1-0: Swinging Strike
1-1: Called Strike
1-2: Foul Ball, location: 2F
1-2: Strikes out swinging
Batting: LHB Antonio Fierros 0-0: Ball
1-0: Foul Ball, location: 2F
1-1: Ball
2-1: Called Strike
2-2: Foul Ball, location: 2F
2-2: Strikes out swinging
Top of the 3rd over - 1 run, 3 hits, 0 errors, 3 left on base; Los Angeles (WIN) 1 - Minnesota (WIN) 0
BOTTOM OF THE 3RD
Minnesota (WIN) Twins batting - Pitching for Los Angeles (WIN) Dodgers : RHP Nate Allen
Batting: RHB Jose Nunez 0-0: Ball
1-0: SINGLE (Flyball, 56D, EV 94.4 MPH)
Batting: RHB Jesse Scott 0-0: Called Strike
0-1: Called Strike
0-2: Ball
1-2: Foul Ball, location: 2F
1-2: Fly out, F7 (Flyball, 7, EV 87.5 MPH)
Batting: LHB Chaim Huting 0-0: Ball
1-0: Called Strike
1-1: Ball
2-1: Swinging Strike
2-2: Ball
3-2: Foul Ball, location: 2F
3-2: Base on Balls
Jose Nunez to second
Batting: LHB Matt Robertson 0-0: Foul Ball, location: 2F
0-1: Foul Ball, location: 2F
0-2: Ball
1-2: Ball
2-2: Foul Ball, location: 2F
2-2: Foul Ball, location: 2F
2-2: Ball
3-2: Grounds into double play, 4-6-3 (Groundball, 4, EV 102.5 MPH)
Bottom of the 3rd over - 0 runs, 1 hit, 0 errors, 1 left on base; Los Angeles (WIN) 1 - Minnesota (WIN) 0
TOP OF THE 4TH
Los Angeles (WIN) Dodgers batting - Pitching for Minnesota (WIN) Twins : LHP Adam Wood
Batting: RHB Terry Jarrells 0-0: Ball
1-0: Ball
2-0: Ball
3-0: Called Strike
3-1: Ground out 5-3 (Groundball, 5, EV 91.9 MPH)
Batting: RHB T.J. Jordan 0-0: Ball
1-0: Called Strike
1-1: Ground out 4-3 (Groundball, 4, EV 84.4 MPH)
Batting: LHB Helmut Steggall 0-0: Ball
1-0: Ball
2-0: Ground out 5-3 (Groundball, 15, EV 88.8 MPH)
Top of the 4th over - 0 runs, 0 hits, 0 errors, 0 left on base; Los Angeles (WIN) 1 - Minnesota (WIN) 0
BOTTOM OF THE 4TH
Minnesota (WIN) Twins batting - Pitching for Los Angeles (WIN) Dodgers : RHP Nate Allen
Batting: SHB Dan Morataya 0-0: Ball
1-0: SOLO HOME RUN (Flyball, 89XD, EV 110.6 MPH), Distance : 436 ft
Batting: RHB Matt Dunn 0-0: Swinging Strike
0-1: Ball
1-1: Called Strike
1-2: Foul Ball, location: 2F
1-2: Ball
2-2: Ball
3-2: Strikes out swinging
Batting: RHB Manuel Juarez 0-0: Fly out, F9 (Flyball, 9D, EV 100.6 MPH)
Batting: LHB Jim Pankratz 0-0: SINGLE (Groundball, 56D, EV 100.0 MPH) (infield hit)
Batting: RHB Cyril Husson 0-0: Fly out, F7 (Flyball, 78S, EV 88.8 MPH)
Bottom of the 4th over - 1 run, 2 hits, 0 errors, 1 left on base; Los Angeles (WIN) 1 - Minnesota (WIN) 1
TOP OF THE 5TH
Los Angeles (WIN) Dodgers batting - Pitching for Minnesota (WIN) Twins : LHP Adam Wood
Batting: LHB Tony Morales 0-0: Foul Ball, location: 2F
0-1: Foul Ball, location: 2F
0-2: Ball
1-2: Ball
2-2: Foul Ball, location: 2F
2-2: Strikes out looking
Batting: RHB Luis Grajeda 0-0: Ball
1-0: Called Strike
1-1: SINGLE (Groundball, 56D, EV 102.5 MPH)
Batting: RHB Devon Fourcade 0-0: Swinging Strike
0-1: Ball
1-1: Ball
2-1: Grounds into double play, 6-4-3 (Groundball, 6, EV 90.0 MPH)
Top of the 5th over - 0 runs, 1 hit, 0 errors, 0 left on base; Los Angeles (WIN) 1 - Minnesota (WIN) 1
BOTTOM OF THE 5TH
Minnesota (WIN) Twins batting - Pitching for Los Angeles (WIN) Dodgers : RHP Nate Allen
Batting: RHB Jose Nunez 0-0: Called Strike
0-1: Ball
1-1: Foul Ball, location: 2F
1-2: Ball
2-2: Strikes out swinging
Batting: RHB Jesse Scott 0-0: Fly out, F8 (Flyball, 89M, EV 81.9 MPH)
Batting: LHB Chaim Huting 0-0: Called Strike
0-1: Called Strike
0-2: Ball
1-2: Ball
2-2: Fly out, F3 (Line Drive, 4, EV 66.2 MPH)
Bottom of the 5th over - 0 runs, 0 hits, 0 errors, 0 left on base; Los Angeles (WIN) 1 - Minnesota (WIN) 1
TOP OF THE 6TH
Los Angeles (WIN) Dodgers batting - Pitching for Minnesota (WIN) Twins : LHP Adam Wood
Batting: RHB Kyle Garrett 0-0: Fly out, F9 (Flyball, 9LSF, EV 75.0 MPH)
Batting: LHB Robin More 0-0: Ground out U3 (Groundball, 34, EV 88.1 MPH)
Batting: LHB Antonio Fierros 0-0: Ball
1-0: Ball
2-0: Ball
3-0: Called Strike
3-1: Swinging Strike
3-2: Strikes out swinging
Top of the 6th over - 0 runs, 0 hits, 0 errors, 0 left on base; Los Angeles (WIN) 1 - Minnesota (WIN) 1
BOTTOM OF THE 6TH
Minnesota (WIN) Twins batting - Pitching for Los Angeles (WIN) Dodgers : RHP Nate Allen
Batting: LHB Matt Robertson 0-0: Swinging Strike
0-1: Called Strike
0-2: Strikes out swinging
Batting: SHB Dan Morataya 0-0: Ball
1-0: Fly out, F8 (Flyball, 8LD, EV 91.9 MPH)
Batting: RHB Matt Dunn 0-0: Called Strike
0-1: Called Strike
0-2: Foul Ball, location: 2F
0-2: Ball
1-2: Ball
2-2: Ball
3-2: Foul Ball, location: 2F
3-2: Fly out, F8 (Flyball, 8LM, EV 89.4 MPH)
Bottom of the 6th over - 0 runs, 0 hits, 0 errors, 0 left on base; Los Angeles (WIN) 1 - Minnesota (WIN) 1
TOP OF THE 7TH
Los Angeles (WIN) Dodgers batting - Pitching for Minnesota (WIN) Twins : LHP Adam Wood
Batting: RHB Terry Jarrells 0-0: Ball
1-0: Ball
2-0: Foul Ball, location: 2F
2-1: Ball
3-1: Called Strike
3-2: Base on Balls
Pitching: LHP Yorinobu Noguchi
Batting: RHB T.J. Jordan 0-0: Swinging Strike
0-1: Swinging Strike
0-2: Strikes out swinging
Batting: LHB Helmut Steggall 0-0: Swinging Strike
0-1: Ball
1-1: Ball
2-1: Foul Ball, location: 2F
2-2: Ball
3-2: Fielders Choice at 2nd, 3-6 (Groundball, 3, EV 82.5 MPH)
Batting: LHB Tony Morales 0-0: Swinging Strike
0-1: Foul Ball, location: 2F
0-2: Ball
1-2: Strikes out swinging
Top of the 7th over - 0 runs, 0 hits, 0 errors, 1 left on base; Los Angeles (WIN) 1 - Minnesota (WIN) 1
BOTTOM OF THE 7TH
Minnesota (WIN) Twins batting - Pitching for Los Angeles (WIN) Dodgers : RHP Nate Allen
Batting: RHB Manuel Juarez 0-0: Foul Ball, location: 2F
0-1: Foul Ball, location: 2F
0-2: Strikes out looking
Batting: LHB Jim Pankratz 0-0: Called Strike
0-1: Ball
1-1: Foul Ball, location: 2F
1-2: Foul Ball, location: 2F
1-2: Foul Ball, location: 2F
1-2: SINGLE (Groundball, 6M, EV 83.8 MPH) (infield hit)
Batting: RHB Cyril Husson 0-0: Called Strike
0-1: SINGLE (Groundball, 56, EV 98.8 MPH)
Jim Pankratz to second
Batting: RHB Jose Nunez 0-0: Called Strike
Jim Pankratz steals 3rd base
Cyril Husson to second
0-1: SINGLE (Line Drive, 56, EV 96.9 MPH)
Jim Pankratz scores
Cyril Husson to third
Batting: RHB Jesse Scott 0-0: Foul Ball, location: 2F
0-1: Ball
1-1: SINGLE (Line Drive, 8LS, EV 101.2 MPH)
Cyril Husson scores
Jose Nunez to second
Batting: LHB Chaim Huting 0-0: Ball
1-0: Fly out, F8 (Flyball, 8LXD, EV 91.2 MPH)
Runner from 2nd tags up, SAFE at 3rd, no throw by CF
Batting: LHB Matt Robertson 0-0: Ball
1-0: Called Strike
1-1: Ball
2-1: Ball
3-1: Base on Balls
Jesse Scott to second
Pitching: RHP Carlos Llamas
Batting: SHB Dan Morataya 0-0: Swinging Strike
0-1: Ball
1-1: Swinging Strike
1-2: Strikes out swinging
Bottom of the 7th over - 2 runs, 4 hits, 0 errors, 3 left on base; Los Angeles (WIN) 1 - Minnesota (WIN) 3
TOP OF THE 8TH
Los Angeles (WIN) Dodgers batting - Pitching for Minnesota (WIN) Twins : LHP Yorinobu Noguchi
Batting: RHB Luis Grajeda 0-0: Ground out 6-3 (Groundball, 6MS, EV 62.5 MPH)
Batting: RHB Devon Fourcade 0-0: Ground out 5-3 (Groundball, 5S, EV 61.9 MPH)
Batting: RHB Kyle Garrett 0-0: Foul Ball, location: 2F
0-1: Ball
1-1: Ball
2-1: Ball
3-1: Base on Balls
Batting: LHB Robin More 0-0: Ball
1-0: Fly out, F9 (Flyball, 89D, EV 101.9 MPH)
Top of the 8th over - 0 runs, 0 hits, 0 errors, 1 left on base; Los Angeles (WIN) 1 - Minnesota (WIN) 3
BOTTOM OF THE 8TH
Minnesota (WIN) Twins batting - Pitching for Los Angeles (WIN) Dodgers : RHP Carlos Llamas
Batting: RHB Matt Dunn 0-0: Ball
1-0: Ball
2-0: Called Strike
2-1: Ground out 6-3 (Groundball, 6, EV 91.9 MPH)
Batting: RHB Manuel Juarez 0-0: Called Strike
0-1: Ball
1-1: Ball
2-1: DOUBLE (Line Drive, 9LM, EV 98.1 MPH)
Batting: LHB Jim Pankratz 0-0: Intentional Walk
Batting: RHB Cyril Husson 0-0: Ball
1-0: Foul Ball, location: 2F
1-1: Foul Ball, location: 2F
1-2: Strikes out swinging
Batting: RHB Jose Nunez 0-0: SINGLE (Groundball, 4D, EV 103.1 MPH)
Manuel Juarez to third
Jim Pankratz to second
Runner from 3rd tries for Home, SAFE, throw by RF to home
Batting: RHB Jesse Scott 0-0: Called Strike
0-1: Foul Ball, location: 2F
0-2: Ball
1-2: Ball
2-2: Ball
3-2: Fly out, F8 (Line Drive, 78D, EV 95.6 MPH)
Bottom of the 8th over - 1 run, 2 hits, 0 errors, 2 left on base; Los Angeles (WIN) 1 - Minnesota (WIN) 4
TOP OF THE 9TH
Los Angeles (WIN) Dodgers batting - Pitching for Minnesota (WIN) Twins : LHP Yorinobu Noguchi
Pitching: LHP Inkei Wakamatsu
Batting: LHB Antonio Fierros 0-0: SINGLE (Groundball, 4D, EV 103.8 MPH)
Batting: RHB Terry Jarrells 0-0: Ball
1-0: Ball
2-0: Called Strike
2-1: Called Strike
2-2: Strikes out swinging
Batting: RHB T.J. Jordan 0-0: Called Strike
0-1: Ball
1-1: Ball
2-1: Ball
3-1: Swinging Strike
3-2: SINGLE (Line Drive, 56, EV 98.8 MPH)
Antonio Fierros to second
Batting: LHB Helmut Steggall 0-0: Ball
1-0: Swinging Strike
1-1: Ball
2-1: Ball
3-1: Foul Ball, location: 2F
3-2: Foul Ball, location: 2F
3-2: Strikes out looking
Batting: LHB Tony Morales 0-0: Called Strike
0-1: Ball
1-1: Foul Ball, location: 2F
1-2: Foul Ball, location: 2F
1-2: Strikes out swinging
Top of the 9th over - 0 runs, 2 hits, 0 errors, 2 left on base; Los Angeles (WIN) 1 - Minnesota (WIN) 4
Tuesday, September 13th , 2022 - OOTP Baseball 23.7 Build 88